 Dungeon Crawl Stone Soup version 0.27-a0-1191-g601b473118 (webtiles) character file.

Game seed: 3233035014910737939

74 st0uf the Slasher (level 4, -2/37 HPs)
             Began as a Draconian Gladiator on May 23, 2021.
             Slain by an adder (3 damage)
             ... on level 3 of the Dungeon.
             The game lasted 00:02:09 (1914 turns).

st0uf the Slasher (Draconian Gladiator)             Turns: 1914, Time: 00:02:10

Health: -2/37      AC:  5    Str: 17    XL:     4   Next: 10%
Magic:  4/4        EV: 13    Int:  8    God:
Gold:   129        SH:  0    Dex: 13    Spells: 3/3 levels left

rFire    . . .     SeeInvis .   a - +0 long sword
rCold    . . .     Faith    .   (no shield)
rNeg     . . .     Spirit   .   (armour unavailable)
rPois    .         Reflect  .   b - +0 hat
rElec    .         Harm     .   (no cloak)
rCorr    .         Rampage  .   (no gloves)
Will     .....                  (no boots)
Stlth    +.........             (no amulet)
HPRegen  0.12/turn              (no ring)
MPRegen  0.09/turn              (no ring)

@: lethally poisoned (-2 -> -4)
A: AC +5, unfitting armour, cold-blooded
a: no special abilities


You were on level 3 of the Dungeon.
You visited 1 branch of the dungeon, and saw 3 of its levels.

You collected 129 gold pieces.

Inventory:

Hand Weapons
 a - a +0 long sword (weapon)
Missiles
 c - 3 throwing nets (quivered)
Armour
 b - a +0 hat (worn)
Scrolls
 d - 5 scrolls of identify {unknown}
 e - 3 scrolls of immolation
 g - 2 scrolls of holy word {unknown}
 i - a scroll of torment {unknown}
Potions
 f - a potion of mutation {unknown}
 h - 2 potions of lignification {unknown}


   Skills:
 + Level 2.9 Fighting
 + Level 4.0 Long Blades
 + Level 1.8 Throwing
 + Level 3.3 Dodging
 + Level 0.3 Stealth


You had 3 spell levels left.
You didn't know any spells.
Your spell library contained the following spells:

 Spells                   Type           Power      Damage    Failure   Level
 Summon Small Mammal      Summ           0%         N/A       41%         1
 Call Imp                 Summ           0%         N/A       54%         2
 Call Canine Familiar     Summ           0%         N/A       78%         3
 Summon Guardian Golem    Hex/Summ       0%         N/A       78%         3
 Summon Ice Beast         Ice/Summ       0%         N/A       99%         4
 Summon Lightning Spire   Summ/Air       0%         N/A       99%         4


Dungeon Overview and Level Annotations

Branches:
Dungeon (3/15)

Altars:

Shops:
D:2 [


Innate Abilities, Weirdness & Mutations

Your plain brown scales are hard. (AC +5)
You cannot fit into any form of body armour.
You are cold-blooded and may be slowed by cold attacks.


Message History

You slash the adder!
You kill the adder!
The orc hits you but does no damage.
Your Long Blades skill increases to level 4!
You have reached level 4!
You feel stronger.
You closely miss the orc. The orc hits you with a +0 club.
An orc comes into view. It is wielding a +0 hand axe.
The orc shouts!
You hit the orc but do no damage. You tail-slap the orc.
The orc is severely wounded.
You hear a shout!
The orc barely misses you.
You hit the orc.
You kill the orc!
The adder bites you but does no damage.
You closely miss the adder. The adder barely misses you.
You closely miss the adder.
Your tail-slap misses the adder.
The adder bites you but does no damage. The adder bites you.
An orc comes into view. It is wielding a +0 club.
You barely miss the adder. The adder misses you.
You riposte.
You barely miss the adder.
The orc priest begins to cast a cantrip, but forgets the words!
The adder barely misses you.
You closely miss the adder.
You tail-slap the adder, but do no damage.
You hear the slow rusting of a very distant drain.
The adder bites you but does no damage.
You completely miss the adder. The adder closely misses you.
The adder bites you.
You closely miss the adder. The adder bites you.
You are poisoned.
The adder poisons you!
You miss the adder.
Your tail-slap misses the adder.
You feel sick. The adder bites you.
The orc priest invokes the aid of Beogh against you.
Beogh smites you!
* * * LOW HITPOINT WARNING * * *
The adder bites you.
You die...

######.#.#.#.# ....
.....#.#.#.#.####.....
#..................
#.#.#.#.#....###.##
#####>..#.#.#..........
#.......#.#.#..........
.....#...#.#.#.#).......
...# #...#.#.#.#........
.. #.#@#...#.######.##
#.#S#####.# # #.#oo #.#
#.#oo# #.# #.#... #.#
#.#.# #.# ....# #.#
..... #.# #<#


You could see an orc priest, an adder and 3 orcs.

Vanquished Creatures
  2 adders
  3 worms (D:2)
  2 dart slugs (D:1)
  An orc (D:3)
  An endoplasm (D:1)
  2 giant cockroaches (D:1)
  A goblin (D:1)
  A hobgoblin (D:2)
  8 jackals
  5 kobolds
  3 quokkas
  5 ball pythons
  2 bats (D:1)
  A frilled lizard (D:1)
  5 rats
42 creatures vanquished.

Notes
Turn   | Place    | Note
-------+----------+-------------------------------------------
     0 | D:1      | st0uf the Draconian Gladiator began the quest for the Orb.
     0 | D:1      | Reached XP level 1. HP: 17/17 MP: 1/1
   238 | D:1      | Reached XP level 2. HP: 25/25 MP: 2/2
  1088 | D:2      | Reached XP level 3. HP: 30/30 MP: 3/3
  1292 | D:2      | Found a faded altar of an unknown god.
  1323 | D:2      | Found Haleismy's Armour Boutique.
  1905 | D:3      | Reached skill level 4 in Long Blades
  1905 | D:3      | Reached XP level 4. HP: 26/37 MP: 4/4
  1914 | D:3      | HP: 1/37 [orc priest/divine providence (13)]
  1914 | D:3      | Slain by an adder

Illustrated notes

Levels and vault maps discovered:
D:1:      heliophobic_arrival_enchanted_forest, layout_loops_corners
D:2:      layout_loops_ring, serial_shops, shop,
          hellmonk_ecumenical_altar_blasted, minmay_quantized
D:3:      layout_basic, gup_sewer_entry_spiral, chequers_serial_rivers_room_b,
          glass_columns_a

Skill      XL: |  1  2  3 |
---------------+----------+-----
Dodging        | 3 |  3.3
Long Blades    | 4 |  4.0
Fighting       | |  2.9
Throwing       | |  1.8
Stealth        | |  0.3

Action                   |  1- 3 |  4- 6 || total
-------------------------+-------+-------++-------
Melee: Long sword        |   110 |    10 ||   120
       Tailslap          |    15 |     2 ||    17
 Stab: Sleeping          |     3 |       ||     3
Armor: Skin              |    47 |     3 ||    50
Dodge: Dodged            |    70 |     5 ||    75
       Rpst.: Long sword |    19 |     1 ||    20

Table legend: (Time is in decaauts)
 A = Elapsed time spent in this place.
 B = Non-inter-level travel time spent in this place.
 C = Inter-level travel time spent in this place.
 D = Time resting spent in this place.
 E = Time spent auto-exploring this place.
 F = Levels seen in this place.
 G = Mean time per level.
                   A        B        C        D        E       F      G
               +--------+--------+--------+--------+--------+-----+--------+
         Total |   1940 |   1857 |     83 |      0 |   1527 |   3 |  646.7 |
       Dungeon |   1940 |   1857 |     83 |      0 |   1527 |   3 |  646.7 |
               +--------+--------+--------+--------+--------+-----+--------+

Top non-repeatable levels by time:
     D:1: 1057 daAuts
     D:2: 830 daAuts
     D:3: 52 daAuts
